 Dungeon Sprint DCSS version 0.17-a0-1497-g03599f7 (webtiles) character file.

1019 nuthulu the Transmogrifier (level 8, -2/76 HPs)
             Began as a Naga Transmuter on July 6, 2015.
             Succumbed to Sonja's curare-tipped needle
             ... in the Dungeon (Sprint I: "Red Sonja").
             The game lasted 00:03:29 (870 turns).

nuthulu the Transmogrifier (Naga Transmuter)         Turns: 870, Time: 00:03:29

Health: -2/76      AC:  2    Str: 14    XL:     8   Next: 22%
Magic:  14/20      EV: 26    Int: 14    God:
Gold:   148        SH:  0    Dex: 17    Spells: 2 memorised, 19 levels left

rFire  . . .     SeeInvis +       - Unarmed
rCold  . . .     Clarity  .     (armour currently unavailable)
rNeg   . . .     SustAt   .     (shield currently unavailable)
rPois  x         Gourm    .     (helmet currently unavailable)
rElec  .         Spirit   .     (cloak currently unavailable)
rCorr  .         Warding  .     (gloves currently unavailable)
rMut   .         NoTele   +     (no barding)
MR     +....                    (no amulet)
Stlth  ++........               (no ring)
                                (no ring)

@: lethally poisoned (-2 -> -21), spider-form, slowed, very slow, somewhat
resistant to hostile enchantments, unstealthy
A: see invisible, (deformed body), (poison resistance), (slowness 0), slow
metabolism 1, spit poison 2, AC +2
a: Spit Poison, End Transformation


You were in the Dungeon.
You were hungry.
You were a venomous arachnid creature.
You visited 1 branch You collected 297 gold pieces.
You spent 149 gold pieces at shops.

Inventory:

Missiles
 a - 12 arrows
Armour
 b - a +0 robe (melded)
 k - a +1 pair of gloves (melded)
Magical devices
 i - a wand of slowing (15)
Scrolls
 j - a scroll of blinking
 m - a scroll of enchant armour {unknown}
Potions
 g - a potion of haste
 h - 2 potions of magic
 l - a potion of might {unknown}
Books
 c - a book of Changes

   Spells                             Type                      Level
   a - Beastly Appendage              Transmutation                1
   b - Sticks to Snakes               Transmutation                2
   c - Spider Form                    Transmutation/Poison         3
   d - Ice Form                       Ice/Transmutation            4
   e - Blade Hands                    Transmutation                5
Comestibles
 d - a bread ration


   Skills:
 - Level 5.8 Fighting
 - Level 7.4 Dodging
 - Level 1.6 Stealth
 - Level 7.5 Unarmed Combat
 + Level 8.3 Spellcasting
 + Level 8.6 Transmutations
 - Level 3.0 Poison Magic


You had 19 spell levels left.
You knew the following spells:

 Your Spells              Type           Power        Failure   Level  Hunger
a - Beastly Appendage     Trmt           ####..       3%          1    None
b - Spider Form           Trmt/Pois      ###.......   14%         3    ##.....


Dungeon Overview and Level Annotations

Branches:
Dungeon (1/1)

Altars:
Elyvilon
Gozag
Kikubaaqudgha
Makhleb
Nemelex Xobeh
Okawaru
Qazlal
Ru
Sif Muna
Trog
Vehumet
Xom
Yredelemnul
Zin
The Shining One

Shops:
D *


Innate Abilities, Weirdness & Mutations

You cannot wear boots.
((Your serpentine skin is tough (AC +2).))
You have supernaturally acute eyesight.
((Armour fits poorly on your strangely shaped body.))
((Your system is resistant to poisons.))
((You cover ground very slowly.))
You have a slow metabolism.
You can spit poison.


Message History

You feel stronger.
* * * LOW HITPOINT WARNING * * *
You feel very sick.
Drink which item? (? for menu, Esc to quit)
You feel much better.
* * * LOW HITPOINT WARNING * * *
You feel very sick.
There is a lethal amount of poison in your body!
There is a lethal amount of poison in your body!
Eat which item? (? for menu, Esc to quit)
Okay, then.
* * * LOW HITPOINT WARNING * * *
You feel very sick.
* * * LOW HITPOINT WARNING * * *
You feel very sick.
* * * LOW HITPOINT WARNING * * *
You feel very sick.
* * * LOW HITPOINT WARNING * * *
You feel very sick.
You die...

################
#<.#..'..#.)'..#
#..').#..'..#..+
#..#####'#####'#
#..####..#...#.#
#..#__####..##.#
#..#_..__##(#.(+
#⌠⌠#_.∩..)s(.(_#
####_..._##_(#+#
#_____###(#
#########.##
+$.$+ #(.$#
##.## #+#


There were no monsters in sight!

Vanquished Creatures
  Sonja (D)
  A yak (D)
  Sigmund (D)
  An ogre (D)
  A jelly (D)
  Ijyb (D)
6 creatures vanquished.

Vanquished Creatures (others)
  2 wasps (D)
2 creatures vanquished.

Grand Total: 8 creatures vanquished

Notes
Turn   | Place    | Note
--------------------------------------------------------------
     0 | D        | nuthulu the Naga Transmuter began the quest for the Orb.
     0 | D        | Reached XP level 1. HP: 18/18 MP: 3/3
     2 | D        | Noticed Ijyb
    47 | D        | Killed Ijyb
    47 | D        | Reached skill level 4 in Unarmed Combat
    47 | D        | Reached XP level 2. HP: 5/27 MP: 1/5
    47 | D        | Reached XP level 3. HP: 6/33 MP: 1/7
    57 | D        | Learned a level 3 spell: Spider Form
   341 | D        | Noticed an ogre
   348 | D        | Killed an ogre
   348 | D        | Reached skill level 5 in Unarmed Combat
   348 | D        | Reached XP level 4. HP: 41/43 MP: 3/9
   409 | D        | Noticed Sigmund
   420 | D        | Killed Sigmund
   420 | D        | Reached skill level 6 in Dodging
   420 | D        | Reached XP level 5. HP: 48/51 MP: 7/11
   420 | D        | Reached XP level 6. HP: 56/60 MP: 7/12
   455 | D        | Found a deep blue altar of Sif Muna.
   456 | D        | Noticed a jelly
   457 | D        | Found a radiant altar of Vehumet.
   463 | D        | Killed a jelly
   463 | D        | Reached skill level 5 in Fighting
   588 | D        | Found Puerph Kuyro's General Store.
   588 | D        | Found a white marble altar of Elyvilon.
   588 | D        | Found a stormy altar of Qazlal.
   588 | D        | Found a basalt altar of Yredelemnul.
   588 | D        | Found an iron altar of Okawaru.
   588 | D        | Found a sparkling altar of Nemelex Xobeh.
   588 | D        | Found a shimmering altar of Xom.
   588 | D        | Found an ancient bone altar of Kikubaaqudgha.
   588 | D        | Noticed a yak
   589 | D        | Found a burning altar of Makhleb.
   589 | D        | Found a sacrificial altar of Ru.
   589 | D        | Found a glowing golden altar of the Shining One.
   589 | D        | Found an opulent altar of Gozag.
   589 | D        | Found a glowing silver altar of Zin.
   601 | D        | Killed a yak
   601 | D        | Reached skill level 7 in Dodging
   601 | D        | Reached skill level 1 in Stealth
   601 | D        | Reached skill level 5 in Spellcasting
   601 | D        | Reached XP level 7. HP: 24/68 MP: 12/14
   703 | D        | Killed a wasp
   727 | D        | Killed a wasp
   751 | D        | Found a bloodstained altar of Trog.
   755 | D        | Bought a +1 pair of gloves for 149 gold pieces
   846 | D        | Noticed Sonja
   864 | D        | Killed Sonja
   864 | D        | Reached skill level 8 in Spellcasting
   864 | D        | Reached XP level 8. HP: 7/76 MP: 12/20
   864 | D        | HP: 2/76 [poisoned by Sonja (curare-tipped needle)]
   869 | D        | HP: 1/76 [poisoned by Sonja (curare-tipped needle)]
   870 | D        | Succumbed to Sonja's curare-tipped needle

Vault maps used:
D:        dungeon_sprint_1

Action                   |  1- 3 |  4- 6 |  7- 9 || total
-------------------------+-------+-------+-------++-------
Melee: Unarmed           |    44 |    24 |     6 ||    74
 Cast: Beastly Appendage |     2 |       |       ||     2
       Spider Form       |     1 |     3 |     2 ||     6
  Use: Potion            |     1 |       |     2 ||     3
 Stab: Sleeping          |       |       |     1 ||     1
